 Dungeon Crawl Stone Soup version 0.26.1-2-gb8aa6d0cf2 (webtiles) character file.

Game seed: 1513115823106047986

49 hawla the Conjurer (level 3, -1/28 HPs)
             Began as a Draconian Conjurer on Feb 10, 2021.
             Slain by an ogre
             ... wielding a +0 giant club
              (19 damage)
             ... on level 2 of the Dungeon.
             The game lasted 00:04:28 (1265 turns).

hawla the Conjurer (Draconian Conjurer)             Turns: 1265, Time: 00:04:30

Health: -1/28      AC:  5    Str:  9    XL:     3   Next: 51%
Magic:  6/6        EV: 12    Int: 19    God:
Gold:   76         SH:  0    Dex: 13    Spells: 3/6 levels left

rFire    . . .     SeeInvis .   b - +1 spear
rCold    . . .     Faith    .   (no shield)
rNeg     . . .     Spirit   .   (armour unavailable)
rPois    .         Reflect  .   (helmet restricted)
rElec    .         Harm     .   (no cloak)
rCorr    .         Rampage  .   (no gloves)
Will     .....                  (no boots)
Stlth    ++........             (no amulet)
HPRegen  0.09/turn              (no ring)
MPRegen  0.10/turn              (no ring)

@: no status effects
A: unfitting armour, hooves 1, agile 2, cold-blooded, AC +5
a: no special abilities


You were on level 2 of the Dungeon.
You visited 1 branch of the dungeon, and saw 2 of its levels.

You collected 76 gold pieces.

Inventory:

Hand Weapons
 b - a +1 spear (weapon)
Scrolls
 a - a scroll of amnesia
 d - 2 scrolls of remove curse {unknown}
Potions
 c - a potion of lignification


   Skills:
 - Level 1.0 Fighting
 + Level 0.7 Staves
 + Level 0.7 Throwing
 - Level 2.0 Dodging
 - Level 2.0 Stealth
 + Level 0.5 Shields
 + Level 2.2 Spellcasting
 * Level 4.3 Conjurations
 + Level 0.7 Evocations


You had 3 spell levels left.
You knew the following spells:

 Your Spells              Type           Power        Failure   Level
a - Magic Dart            Conj           72%          2%          1
b - Searing Ray           Conj           36%          4%          2

Your spell library contained the following spells:

 Spells                   Type           Power        Failure   Level
 Dazzling Flash           Conj/Hex       20%          21%         3
 Fulminant Prism          Conj/Hex       5%           56%         4
 Iskenderun's Mystic Bla  Conj/Tloc      10%          56%         4


Dungeon Overview and Level Annotations

Branches:
Dungeon (2/15)

Altars:


Innate Abilities, Weirdness & Mutations

Your plain brown scales are hard. (AC +5)
You cannot fit into any form of body armour.
You are cold-blooded and may be slowed by cold attacks.
You have large cloven feet.
You are very agile. (Dex +4)


Message History

The orc hits you but does no damage.
You closely miss the orc. You kick the orc, but do no damage.
You tail-slap the orc, but do no damage.
The orc is severely wounded.
The orc hits you but does no damage. The orc closely misses you.
You closely miss the orc.
The orc is severely wounded.
The orc hits you but does no damage. The orc closely misses you.
You hit the orc but do no damage. Your kick misses the orc.
Your tail-slap misses the orc.
The orc is severely wounded.
The ogre hits you with a +0 giant club! The orc hits you but does no damage.
The orc hits you with a +0 club.
You hit the orc but do no damage. You tail-slap the orc.
You kill the orc!
A leopard gecko comes into view.
The orc closely misses you.
The ogre hits you with a +0 giant club!!
Ouch! That really hurt!
You die...

###### #.#####.#.##
.....####.#####.# #
.....'.....#....#
.....#######.####
#### .....#######.#
#....
...###.(.....####
...... ...#
#.####...).##......
..##
####..#.#o....l.
..# ........@o.#
(.####
#.###.##.#O.#
.....# ......#..#
#.##.# #.[........#
..# .. #..........#
### ##........##.
.[......# .#
###+#+#.# .#


You could see an ogre, 2 orcs and a leopard gecko.

Vanquished Creatures
  An ooze (D:1)
  2 dart slugs (D:1)
  A leopard gecko (D:1)
  An orc (D:2)
  2 giant cockroaches (D:1)
  4 goblins (D:1)
  6 hobgoblins
  6 jackals (D:1)
  5 kobolds
  A quokka (D:2)
  2 bats (D:1)
  3 rats
34 creatures vanquished.

Notes
Turn   | Place    | Note
-------+----------+-------------------------------------------
     0 | D:1      | hawla the Draconian Conjurer began the quest for the Orb.
     0 | D:1      | Reached XP level 1. HP: 14/14 MP: 3/3
   254 | D:1      | Reached XP level 2. HP: 13/20 MP: 1/5
   731 | D:1      | Reached XP level 3. HP: 27/27 MP: 1/6
   734 | D:1      | Learned a level 2 spell: Searing Ray
  1081 | D:2      | Gained mutation: You are agile. (Dex +2) [potion of
                  | mutation]
  1081 | D:2      | Gained mutation: You are very agile. (Dex +4) [potion of
                  | mutation]
  1081 | D:2      | Gained mutation: You have large cloven feet. [potion of
                  | mutation]
  1255 | D:2      | Reached skill level 1 in Fighting
  1259 | D:2      | Noticed an ogre
  1265 | D:2      | Slain by an ogre

Illustrated notes

Levels and vault maps discovered:
D:1:      wander_arrival_desolate, layout_basic, minmay_close_crescents
D:2:      layout_basic, elyvilon_altar_5

Skill      XL: |  1  2  3 |
---------------+----------+-----
Stealth        | 2 |  2.0
Dodging        | 2 |  2.0
Fighting       | 1 |  1.0
Staves         | |  0.7
Throwing       | |  0.7
Shields        | |  0.5
Spellcasting   | |  2.2
Conjurations   | |  4.3
Evocations     | |  0.7

Action                   || total
-------------------------++-------
Melee: Spear             ||    88
       Unarmed           ||     5
       Tailslap          ||     7
       Kick              ||     2
 Cast: Magic Dart        ||    30
  Use: Scroll            ||     8
       Potion            ||     1
Armor: Skin              ||    25
Dodge: Dodged            ||    63
